 Dungeon Crawl Stone Soup version 0.31-a0-986-g5e6e4ef867 (webtiles) character file.

Game seed: 9504036251485515385

219 FakeRyeBread the Ruffian (level 5, -6/53 HPs)
             Began as a Troll Fighter on Nov 10, 2023.
             Mangled by a yak (9 damage)
             ... on level 5 of the Dungeon.
             The game lasted 00:05:24 (2464 turns).

FakeRyeBread the Ruffian (Troll Fighter)            Turns: 2464, Time: 00:05:25

Health: -6/53      AC:  4    Str: 24    XL:     5   Next: 64%
Magic:  4/4        EV:  8    Int:  6    God:
Gold:   226        SH:  9    Dex:  9    Spells: 4/4 levels left

rFire   . .          .
                       - Unarmed
rCold   . . .        b - +1 kite shield
rNeg    . . .        a - +0 robe
rPois   .            (helmet restricted)
rElec   .            (no cloak)
rCorr   .            (gloves unavailable)
SInv    .            (boots unavailable)
Will    .....        (no amulet)
Stlth   +            (no ring)
HPRegen 1.08/turn    (no ring)
MPRegen 0.09/turn

%: no passive effects
@: no status effects
A: large, unfitting armour, claws 3, regeneration 1, shaggy fur 1, tough skin 1
a: no special abilities


You were on level 5 of the Dungeon.
You visited 1 branch of the dungeon, and saw 5 of its levels.

You collected 226 gold pieces.

Inventory:

Missiles
 f - a throwing net
 n - 4 curare-tipped darts
Armour
 a - a +0 robe (worn)
 b - a +1 kite shield (worn)
Scrolls
 e - a scroll of blinking
 g - 3 scrolls of fear
 l - a scroll of enchant weapon
 m - a scroll of teleportation
 q - a scroll of vulnerability
Potions
 c - a potion of might
 d - 2 potions of brilliance
 h - a potion of resistance
 i - a potion of attraction
 o - a potion of mutation {unknown}
 p - a potion of heal wounds {unknown}
 r - a potion of ambrosia {unknown}
 s - 2 potions of haste


   Skills:
 + Level 3.3 Fighting
 - Level 2.4 Dodging
 + Level 3.6 Shields
 * Level 4.4 Unarmed Combat


You had 4 spell levels left.
You didn't know any spells.
Your spell library contained the following spells:

 Spells                   Type           Power      Damage    Failure   Level
 Slow                     Hex            0%         N/A       71%         1
 Lesser Beckoning         Tloc           0%         N/A       85%         2
 Confusing Touch          Hex            0%         N/A       97%         3
 Gell's Gravitas          Tloc           0%         N/A       97%         3
 Sigil of Binding         Hex            0%         N/A       97%         3
 Teleport Other           Tloc           0%         N/A       97%         3
 Vampiric Draining        Necr           0%         2d6       97%         3
 Vhi's Electric Charge    Tloc/Air       0%         N/A       100%        4
 Arcjolt                  Conj/Air       0%         1d10      100%        5
 Maxwell's Capacitive Co  Air            0%         ∞         100%        8


Dungeon Overview and Level Annotations

Branches:
Dungeon (5/15)
 Temple: D:4-7

Altars:
Trog

Shops:
D:2 :


Innate Abilities, Weirdness & Mutations

You are too large for most types of armour.
You have claws for hands.
Your natural rate of healing is unusually fast.
You are covered in fur. (AC +1)
You have tough skin. (AC +1)


Message History

You kill the hobgoblin!
No target in view!
Done exploring.
Done exploring.
Done exploring.
As you read the scroll of identify, it crumbles to dust.
s - 2 potions of haste
As you read the scroll labelled FEKHLI LUS QIRCH, it crumbles to dust.
It is a scroll of enchant weapon.
You aren't carrying any weapons that can be enchanted.
There is a stone staircase leading down here.
You climb downwards.
There is a stone staircase leading up here.
You open the door.
A yak comes into view.
The yak bellows!
You hear a bellow!
You hear an angry hiss.
The yak moves out of view.
A yak comes into view.
There is an open door here.
A yak is nearby!
A yak comes into view.
Found an escape hatch in the floor.
An iguana comes into view.
The iguana hisses angrily.
The yak gores you! The yak gores you but does no damage.
You scratch the yak but do no damage. The yak gores you.
You block the yak's attack. The yak gores you!
You scratch the yak but do no damage. The yak gores you!
The yak gores you but does no damage. You block the yak's attack.
You are too injured to fight recklessly!
You barely miss the yak. The yak gores you!
You closely miss the yak. The yak barely misses you.
You scratch the yak but do no damage. The yak gores you!
* * * LOW HITPOINT WARNING * * *
You feel better. The yak barely misses you. The yak attacks as it pursues you!
The yak gores you!
* * * LOW HITPOINT WARNING * * *
There is an open door here.
The yak attacks as it pursues you! The yak gores you!
You die...

### ##>##
#...# #.8l#
#...# #Y#
##.#######
#.Y.##...##
+.8.Y@.8.<#
#...##...##
##.#######
...# ..###
..?. ###


You could see 2 yaks.

Vanquished Creatures
  2 orc priests
  An iguana (D:4)
  3 adders (D:4)
  3 worms
  2 dart slugs
  13 orcs
  7 ball pythons
  5 bats
  6 endoplasms
  3 giant cockroaches
  9 goblins
  10 hobgoblins
  3 quokkas
  2 frilled lizards (D:2)
  6 kobolds
  4 rats
79 creatures vanquished.

Notes
Turn   | Place    | Note
-------+----------+-------------------------------------------
     0 | D:1      | FakeRyeBread the Troll Fighter began the quest for the Orb.
     0 | D:1      | Reached XP level 1. HP: 22/22 MP: 0/0
   185 | D:1      | Reached XP level 2. HP: 29/29 MP: 1/1
   897 | D:2      | Reached XP level 3. HP: 29/36 MP: 2/2
   976 | D:2      | Reached skill level 3 in Unarmed Combat
  1041 | D:2      | Reached XP level 4. HP: 10/44 MP: 3/3
  1195 | D:2      | Found Edoadil's Vocational Training.
  1742 | D:3      | Reached XP level 5. HP: 53/53 MP: 4/4
  1879 | D:4      | Reached skill level 4 in Unarmed Combat
  1950 | D:4      | Found a bloodstained altar of Trog.
  2445 | D:5      | Entered Level 5 of the Dungeon
  2451 | D:5      | Noticed a yak
  2452 | D:5      | Noticed a yak
  2452 | D:5      | Noticed a yak
  2462 | D:5      | HP: 1/53 [yak (14)]
  2464 | D:5      | Mangled by a yak

Illustrated notes

Levels and vault maps discovered:
D:1:      minmay_arrival_three_doors, layout_rooms, serial_co_window_serial,
          co_window_paths_a, co_window_corner_a, co_window_corner_a,
          co_window_paths_a, co_window_corner_a, co_window_2corner,
          co_window_unsneaky_path_b, co_window_corner_ca, co_window_2corner,
          co_window_corner_b, co_window_paths_e, glass_columns_b,
          glass_columns_a, glass_columns_a, glass_columns_b, glass_columns_a,
          amcnicky_mini_rare_corridor_liquid, serial_park_tiny_2
D:2:      layout_basic, hangedman_decor_clover_reticule, nicolae_shop_vocational
D:3:      layout_rooms
D:4:      layout_rooms, mainiacjoe_overflow_concentric_impassable,
          roderic_roman_lattice
D:5:      layout_loops_ring, grunt_ministairs_5, minivault_1,
          grunt_decor_one_mirror

Skill      XL: |  1  2  3  4  5 |
---------------+----------------+-----
Shields        | 3 |  3.6
Unarmed Combat | 3 4 |  4.4
Fighting       | 3 |  3.3
Dodging        | |  2.4

Action                     |  1- 3 |  4- 6 || total
---------------------------+-------+-------++-------
  Melee: Unarmed           |    84 |   128 ||   212
    Use: Scroll            |     4 |    11 ||    15
         Potion            |       |     1 ||     1
   Stab: Sleeping          |       |     1 ||     1
 Armour: Robe              |    49 |    72 ||   121
  Dodge: Dodged            |    30 |    30 ||    60
  Block: Kite shield       |    30 |    48 ||    78

Table legend: (Time is in decaauts)
 A = Elapsed time spent in this place.
 B = Non-inter-level travel time spent in this place.
 C = Inter-level travel time spent in this place.
 D = Time resting spent in this place.
 E = Time spent auto-exploring this place.
 F = Levels seen in this place.
 G = Mean time per level.
                   A        B        C        D        E       F      G
               +--------+--------+--------+--------+--------+-----+--------+
         Total |   2475 |   2293 |    182 |     66 |   1713 |   5 |  495.0 |
       Dungeon |   2475 |   2293 |    182 |     66 |   1713 |   5 |  495.0 |
               +--------+--------+--------+--------+--------+-----+--------+

Top non-repeatable levels by time:
     D:1: 843 daAuts
     D:2: 636 daAuts
     D:4: 576 daAuts
     D:3: 399 daAuts
     D:5: 19 daAuts
